 Dungeon Crawl Stone Soup version 0.13.1-2-gfb2c2b7 (webtiles) character file.

353 Kae the Sneak (level 5, 0/24 HPs)
             Began as a Spriggan Enchanter on Dec 9, 2013.
             Slain by a gnoll
             ... wielding a +0,+0 spear
              (10 damage)
             ... on Level 3 of the Dungeon.
             The game lasted 00:03:22 (1984 turns).

Kae the Sneak (Spriggan Enchanter)                  Turns: 1984, Time: 00:03:22

HP   0/24        AC  3     Str  5      XL: 5   Next: 55%
MP   9/15        EV 18     Int 17      God:
Gold 144         SH  0     Dex 16      Spells:  3 memorised,  4 levels left

Res.Fire  : . . .   See Invis. : +   a - +1 dagger {=f}
Res.Cold  : . . .   Warding    : .   b - +1 robe
Life Prot.: . . .   Conserve   : .   (shield restricted)
Res.Poison: .       Res.Corr.  : .   (helmet restricted)
Res.Elec. : .       Clarity    : .   (no cloak)
Sust.Abil.: . .     Spirit.Shd : .   (gloves unavailable)
Res.Mut.  : .       Stasis     : .   (boots unavailable)
Res.Rott. : .       Flight     : .   (no amulet)
Saprovore : . . .                    (no ring)
                                     (no ring)

@: very quick, somewhat resistant to hostile enchantments, quite stealthy
A: unfitting armour, see invisible, herbivore 3, speed 3, slow metabolism 2
a: no special abilities


You were on level 3 of the Dungeon.
You were not hungry.

You visited 1 branch of the dungeon, and saw 3 of its levels.

You collected 124 gold pieces.

Inventory:

Hand weapons
 a - a +1,+1 dagger (weapon) {=f}
Missiles
 d - 34 darts
 s - 2 darts of flame (quivered)
Armour
 b - a +1 robe (worn)
Comestibles
 o - a bread ration
Scrolls
 g - 3 scrolls of remove curse {unknown}
 h - 5 scrolls of magic mapping {unknown}
 j - 2 scrolls of teleportation {unknown}
 n - 2 scrolls of fog {unknown}
 p - a scroll of amnesia {unknown}
 q - 3 scrolls of enchant armour {unknown}
 u - a scroll of identify {unknown}
 v - a scroll of random uselessness {unknown}
Jewellery
 f - an uncursed amulet of clarity {unknown}
 i - an uncursed ring of flight {unknown}
Potions
 e - a potion of porridge
 k - a potion of confusion {unknown}
 l - a potion of speed {unknown}
 m - 5 potions of curing {unknown}
 r - a potion of cure mutation {unknown}
 t - a potion of agility {unknown}
Books
 c - a book of Maledictions

   Spells                             Type                      Level
   *Corona                            Hexes                        1
   Sure Blade                         Hexes/Charms                 2
   *Ensorcelled Hibernation           Hexes/Ice                    2
   *Confuse                           Hexes                        3
   Enslavement                        Hexes                        4
   Invisibility                       Hexes                        6


   Skills:
 * Level 3.5 Short Blades
 - Level 1.1 Throwing
 - Level 3.0 Dodging
 * Level 5.5 Stealth
 + Level 3.1 Spellcasting
 + Level 4.6 Hexes


You had 4 spell levels left.
You knew the following spells:

 Your Spells              Type           Power        Failure   Level  Hunger
a - Corona                Hex            ###....      2%          1    None
b - Ensorcelled Hibernat  Hex/Ice        ##....       12%         2    ##.....
c - Confuse               Hex            ###.....     10%         3    ###....


Dungeon Overview and Level Annotations

Branches:
Dungeon (3/27)

Altars:


Innate Abilities, Weirdness & Mutations

You are tiny and cannot use many weapons and most armour.
You have supernaturally acute eyesight.
You are a herbivore.
You cover ground extremely quickly.
You need consume almost no food.


Message History

a glowing orcish dagger; an elven spear; an orcish leather armour
Casting: Ensorcelled Hibernation
Confirm with . or Enter, or press ? or * to list all spells.
Aiming: Ensorcelled Hibernation
Press: ? - help, Shift-Dir - straight line, f - orc
Aim: an orc, wielding an orcish club and wearing an orcish robe The orc looks drowsy...
A gnoll comes into view. It is wielding a flail.
The gnoll moves out of view.
The helpless orc fails to defend itself.
You impale the orc!!
You kill the orc!
Casting: Ensorcelled Hibernation
Confirm with . or Enter, or press ? or * to list all spells.
Aiming: Ensorcelled Hibernation
Press: ? - help, Shift-Dir - straight line, f - gnoll
Aim: a gnoll, wielding a spear The gnoll resists.
The gnoll hits you from afar with a spear!
You die...

#.......# #.....#
#.<.# #'# # #.#
#...###### #.#
#.....%..# ##o##
#...####)###...##
# #....@)g....#
#.##.###...## #
#.# #....#####
#.###.........
#........#####
#####...##
#.######..##
#.........#
#########)#


You could see a gnoll.

Vanquished Creatures
  An orc priest (D:3)
  An orc wizard (D:3)
  A worker ant (D:3)
  Jessica (D:2)
  3 adders
  2 giant mites
  4 worms
  4 giant geckos
  3 orcs (D:3)
  6 bats
  7 goblins
  3 hobgoblins
  2 quokkas (D:3)
  A giant cockroach (D:2)
  2 giant newts
  4 kobolds
  3 rats
48 creatures vanquished.

Notes
Turn   | Place    | Note
--------------------------------------------------------------
     0 | D:1      | Kae, the Spriggan Enchanter, began the quest for the Orb.
     0 | D:1      | Reached XP level 1. HP: 9/9 MP: 4/4
    71 | D:1      | Reached XP level 2. HP: 13/13 MP: 6/6
    75 | D:1      | Learned a level 2 spell: Ensorcelled Hibernation
   625 | D:2      | Reached XP level 3. HP: 14/16 MP: 1/9
   875 | D:2      | Reached skill level 4 in Hexes
   911 | D:2      | Noticed Jessica
   915 | D:2      | Killed Jessica
   956 | D:2      | Reached XP level 4. HP: 10/21 MP: 9/12
  1454 | D:3      | Learned a level 3 spell: Confuse
  1639 | D:3      | Reached skill level 5 in Stealth
  1676 | D:3      | Reached XP level 5. HP: 21/24 MP: 15/15
  1984 | D:3      | Slain by a gnoll

Action                   |  1- 3 |  4- 6 || total
-------------------------+-------+-------++-------
Melee: Dagger            |    49 |    52 ||   101
 Cast: Corona            |     1 |       ||     1
       Ensorcelled Hiber |     9 |    14 ||    23
 Stab: Sleeping          |    15 |    19 ||    34
